 Dungeon Crawl Stone Soup version 0.16-a0-702-gf4f471d (webtiles) character file.

17787 PolkaDot the Transmogrifier (level 12, -8/112 HPs)
             Began as a Red Draconian Transmuter on Sept 20, 2014.
             Was a High Priest of Okawaru.
             Mangled by a wolf spider (9 damage)
             ... on Level 4 of the Lair of Beasts.
             The game lasted 01:03:26 (16686 turns).

PolkaDot the Transmogrifier (DrTm)                 Turns: 16686, Time: 01:03:27

HP  -8/112       AC 10     Str 13      XL: 12   Next: 22%
MP  17/21        EV 13     Int 13      God: Okawaru [*****.]
Gold 489         SH  0     Dex 16      Spells:  5 memorised,  2 levels left

rFire  x . .     SeeInvis .       - Unarmed
rCold  + + +     Clarity  .     (armour unavailable)
rNeg   . . .     rCorr    +     (shield currently unavailable)
rPois  +         rRot     .     (helmet currently unavailable)
rElec  .         Spirit   .     o - melded +0 cloak
SustAb .         Warding  .     (gloves currently unavailable)
rMut   .         Stasis   .     (boots currently unavailable)
Gourm  .                        p - amulet of resist corrosion
MR     .....                    x - +3 ring of protection
                                j - +1 ring of strength

@: ice-form, not resistant to hostile enchantments, unstealthy
A: (breathe fire), unfitting armour, (horns 0), dopey 1, (fire resistance 0),
wild magic 1, (cold-blooded), AC +8
a: End Transformation, Heroism, Finesse, Renounce Religion


You were on level 4 of the Lair of Beasts.
You worshipped Okawaru.
Okawaru was extremely pleased with you.
You were near starving.
You were a creature of crystalline ice.
You visited 3 branches of the dungeon, and saw 13 of its levels.

You collected 684 gold pieces.
You spent 195 gold pieces at shops.

Inventory:

Missiles
 b - 159 arrows
Armour
 o - a +0 cloak (melded)
Magical devices
 d - a wand of polymorph (12)
 u - a wand of fireball (3)
 w - a wand of lightning (5)
 y - a wand of disintegration (17)
 B - a wand of polymorph (14)
 D - a wand of flame (13)
 E - a wand of flame (14)
 G - a wand of frost (9)
 K - a wand of fire (9)
Comestibles
 a - 5 bread rations
 l - 7 fruits
 v - 2 slices of pizza
 I - 2 meat rations
Scrolls
 e - a scroll of enchant weapon {unknown}
 f - a scroll of immolation
 h - 5 scrolls of recharging
 i - 6 scrolls of remove curse
 k - a scroll of enchant armour {unknown}
 n - 2 scrolls of amnesia
 r - 2 scrolls of fog
 C - a scroll of magic mapping
 J - 2 scrolls of summoning {unknown}
Jewellery
 j - a +1 ring of strength (left paw)
 p - an amulet of resist corrosion (around neck)
 t - the ring of Free Expression {Str-3 Int+1 SInv}
   (You bought it in a shop on level 5 of the Dungeon)

   [ring of see invisible]

   It affects your strength (-3).
   It affects your intelligence (+1).
   It enhances your eyesight.
 x - a +3 ring of protection (right paw)
Potions
 c - 3 potions of restore abilities
 g - 3 potions of brilliance
 q - a potion of cure mutation {!q}
 z - 2 potions of resistance
 F - 3 potions of cancellation
 L - a potion of magic
 N - a potion of agility {unknown}
Books
 A - a book of Annihilations {highlevel, unknown}

   This book is beyond your current level of understanding.

   Spells                             Type                      Level
   Poison Arrow                       Conjuration/Poison           6
   Chain Lightning                    Conjuration/Air              8
   Lehudib's Crystal Spear            Conjuration/Earth            8
   Glaciate                           Conjuration/Ice              9
   Fire Storm                         Conjuration/Fire             9


   Skills:
 - Level 5.1 Fighting
 + Level 6.1 Dodging
 - Level 12.0 Unarmed Combat
 - Level 3.3 Spellcasting
 * Level 12.3 Transmutations
 - Level 5.7 Ice Magic


You had 2 spell levels left.
You knew the following spells:

 Your Spells              Type           Power        Failure   Level  Hunger
a - Beastly Appendage     Trmt           ######       1%          1    #......
b - Blade Hands           Trmt           ######....   11%         5    ######.
s - Sticks to Snakes      Trmt           ######....   1%          2    ##.....
x - Ice Form              Ice/Trmt       #####...     16%         4    #####..
z - Spider Form           Trmt/Pois      ####......   13%         3    ###....


Dungeon Overview and Level Annotations

Branches:
Dungeon (8/15)             Temple (1/1) D:7            Lair (4/8) D:8
 Spider (0/5) Lair:4
  Swamp: Lair:3-6    Shoals: Lair:3-6

Altars:
Ashenzari
Cheibriados
Dithmenos
Elyvilon
Fedhas
Gozag
Kikubaaqudgha
Makhleb
Nemelex Xobeh
Okawaru
Qazlal
Ru
Sif Muna
Trog
Vehumet
Xom
Yredelemnul
Zin
The Shining One

Shops:
D:5 =


Innate Abilities, Weirdness & Mutations

((You can breathe blasts of fire.))
((Your fiery red scales are hard (AC +8).))
Your body does not fit into most forms of armour.
((Your flesh is heat resistant.))
((Your cold-blooded metabolism reacts poorly to cold.))
((You have a pair of small horns on your head.))
You are dopey. (Int -2)
Your spells are a little harder to cast, but a little more powerful.


Message History

* * * LOW HITPOINT WARNING * * *
The wolf spider bites you!
* * * LOW HITPOINT WARNING * * *
Drink which item? (? for menu, Esc to quit)
Okay, then.
You punch the wolf spider! You freeze the wolf spider!
The wolf spider is severely wounded.
The wolf spider closely misses you. The wolf spider bites you!
* * * LOW HITPOINT WARNING * * *
Read which item? (? for menu, Esc to quit)
Okay, then.
You punch the wolf spider! You freeze the wolf spider.
The wolf spider is almost dead.
The wolf spider barely misses you.
The wolf spider bites you but does no damage.
You hit the wolf spider. You freeze the wolf spider.
The wolf spider is almost dead.
The wolf spider hits you but does no damage.
The wolf spider bites you!
You die...

......,,,*,******
.......,,,,,,*,,* ***
.......Y,,,,,,,,****,*
.......Y.,..,,,,,,,,***
.............,*,,,,,,,*
.....Y........,***###,**
...#.....#,...##,#..#..#**
........#*,*,#..#....#,,,*
Y.###.###*,,*#^sY#,,,#..**
..##*** #.....##>#####.##
...# *P.#,,#.#..^##.P#
...# ##...##^.#......#
...## #......#.#.##..##
....## ##..###..##.#P..#
<...P# *#.....#.^##.#..###
.....# *...#,#....###..#.#
....##
*#.....#.........###*####


You could see a wolf spider.

Vanquished Creatures
  A hydra (Lair:4)
  The ghost of PolkaDot the Transmogrifier, an experienced DrTm of Okawaru (Lair:1)
  A hill giant (D:6)
  A torpor snail (Lair:4)
  4 komodo dragons
  5 spiny frogs
  A fire drake (Lair:3)
  3 wandering mushrooms (Lair:4)
  Prince Ribbit (D:6)
  8 blink frogs (Lair:3)
  3 basilisks (Lair:3)
  25 yaks
  3 hippogriffs
  8 water moccasins
  6 porcupines
  2 ice beasts
  4 orc warriors
  A black bear (D:3)
  2 sky beasts
  A phantom (D:6)
  4 crocodiles
  A brain worm (Lair:4)
  3 ogres
  Blork the orc (D:4)
  10 giant frogs
  A water moccasin skeleton (D:7)
  5 scorpions
  5 wights (D:7)
  2 crimson imps (D:5)
  3 jellies
  5 hounds
  7 orc priests
  2 iguanas
  11 orc wizards
  5 worker ants
  28 sheep
  Ijyb (D:2)
  8 gnolls
  18 adders
  2 shadow imps (D:6)
  A giant mite (D:5)
  38 green rats
  3 worms (D:3)
  An orc skeleton (D:4)
  4 giant geckos
  35 orcs
  2 ball pythons (D:3)
  6 bats
  7 giant cockroaches
  14 goblins
  21 hobgoblins
  4 jackals (D:8)
  5 quokkas
  5 giant newts
  3 giant spores (D:7)
  A gnoll skeleton (D:7)
  2 hobgoblin skeletons
  14 kobolds
  2 orc zombies
  A quokka zombie (D:7)
  13 rats
  14 ballistomycetes (D:7)
  A butterfly (Lair:1)
400 creatures vanquished.

Vanquished Creatures (others)
  A centaur (D:6)
  3 fungi
4 creatures vanquished.

Grand Total: 404 creatures vanquished

Notes
Turn   | Place    | Note
--------------------------------------------------------------
     0 | D:1      | PolkaDot, the Draconian Transmuter, began the quest for the Orb.
     0 | D:1      | Reached XP level 1. HP: 16/16 MP: 3/3
   825 | D:1      | Reached XP level 2. HP: 15/24 MP: 4/4
  1694 | D:2      | Learned a level 2 spell: Sticks to Snakes
  1970 | D:2      | Reached XP level 3. HP: 21/30 MP: 4/6
  2181 | D:2      | Noticed Ijyb
  2195 | D:2      | Killed Ijyb
  2207 | D:2      | Learned a level 3 spell: Spider Form
  2280 | D:2      | Reached XP level 4. HP: 29/38 MP: 5/7
  2898 | D:3      | Reached skill level 4 in Fighting
  3026 | D:3      | Noticed a black bear
  3079 | D:3      | Killed a black bear
  3079 | D:3      | Reached skill level 5 in Fighting
  3079 | D:3      | Reached XP level 5. HP: 16/48 MP: 2/9
  3646 | D:3      | Found a shadowy altar of Dithmenos.
  3658 | D:3      | Reached XP level 6. HP: 54/56 MP: 8/10
  3878 | D:3      | Reached skill level 5 in Unarmed Combat
  4483 | D:4      | Noticed Blork the orc
  4612 | D:4      | Killed Blork the orc
  4816 | D:4      | Found a glowing silver altar of Zin.
  4921 | D:4      | Reached skill level 6 in Unarmed Combat
  4921 | D:4      | Your scales start taking on a fiery red colour.
  4921 | D:4      | Gained mutation: Your flesh is heat resistant. [draconian maturity]
  4921 | D:4      | Reached XP level 7. HP: 44/61 MP: 8/12
  5500 | D:4      | Found a blossoming altar of Fedhas.
  5538 | D:5      | Entered Level 5 of the Dungeon
  5612 | D:5      | Found an opulent altar of Gozag.
  5618 | D:5      | Found a shattered altar of Ashenzari.
  5757 | D:5      | Reached skill level 7 in Unarmed Combat
  6119 | D:5      | Found Ymuit's Jewellery Emporium.
  6196 | D:5      | Bought the ring of Free Expression {Str-3 Int+1 SInv} for 195 gold pieces
  6363 | D:6      | Reached XP level 8. HP: 33/68 MP: 13/13
  6576 | D:6      | Reached skill level 8 in Unarmed Combat
  6838 | D:6      | Reached skill level 5 in Transmutations
  6842 | D:6      | Noticed Prince Ribbit
  6865 | D:6      | Killed Prince Ribbit
  6880 | D:6      | Reached skill level 9 in Unarmed Combat
  7042 | D:6      | Found a glowing silver altar of Zin.
  7582 | D:6      | Reached XP level 9. HP: 38/74 MP: 14/14
  7687 | D:6      | Noticed a hill giant
  8072 | D:6      | Learned a level 4 spell: Ice Form
  8221 | D:6      | Killed a hill giant
  8221 | D:6      | Reached skill level 10 in Unarmed Combat
  9261 | D:7      | Found a staircase to the Ecumenical Temple.
  9325 | Temple   | Entered the Ecumenical Temple
  9439 | Temple   | Became a worshipper of Warmaster Okawaru
  9622 | D:7      | Found a glowing golden altar of the Shining One.
 10064 | D:8      | Reached XP level 10. HP: 73/81 MP: 16/16
 10116 | D:8      | Found a staircase to the Lair.
 10174 | D:8      | Found a radiant altar of Vehumet.
 10246 | D:8      | Found a bloodstained altar of Trog.
 10250 | D:8      | Found an opulent altar of Gozag.
 10281 | D:8      | Reached skill level 5 in Ice Magic
 10418 | D:8      | Acquired Okawaru's first power
 10484 | Lair:1   | Entered Level 1 of the Lair of Beasts
 10505 | Lair:1   | HP: 4/97 [yak (4)]
 10518 | Lair:1   | HP: 3/97 [yak (4)]
 10546 | Lair:1   | HP: 3/81 [yak (5)]
 11042 | Lair:1   | Noticed PolkaDot's ghost (experienced DrTm)
 11064 | Lair:1   | Killed PolkaDot's ghost
 11064 | Lair:1   | Reached skill level 11 in Unarmed Combat
 11295 | Lair:1   | Gained mutation: You have a pair of small horns on your head. [potion of beneficial mutation]
 11578 | Lair:1   | Learned a level 5 spell: Blade Hands
 12636 | Lair:2   | Reached XP level 11. HP: 67/86 MP: 16/20
 12930 | Lair:2   | Reached skill level 10 in Transmutations
 13419 | Lair:2   | Identified the Incunabulum of Aerial Arcane Weapons
 14168 | Lair:3   | Reached skill level 12 in Unarmed Combat
 14260 | Lair:3   | Gained mutation: You are dopey. (Int -2) [potion of mutation]
 14260 | Lair:3   | Gained mutation: Your spells are a little harder to cast, but a little more powerful. [potion of mutation]
 14805 | Lair:3   | Acquired Okawaru's second power
 14963 | Lair:3   | Reached skill level 5 in Dodging
 15482 | Lair:3   | Received a gift from Okawaru
 15483 | Lair:3   | Got an ichor-stained arbalest {god gift}
 15837 | Lair:3   | Reached XP level 12. HP: 94/94 MP: 19/21
 16613 | Lair:4   | Noticed a four-headed hydra
 16622 | Lair:4   | Killed a four-headed hydra
 16674 | Lair:4   | Found a hole to the Spider Nest.
 16684 | Lair:4   | HP: 1/112 [wolf spider (12)]
 16686 | Lair:4   | Mangled by a wolf spider

Action                   |  1- 3 |  4- 6 |  7- 9 | 10-12 || total
-------------------------+-------+-------+-------+-------++-------
Melee: Unarmed           |   152 |   193 |   399 |   476 ||  1220
 Cast: Beastly Appendage |    11 |    22 |    15 |     4 ||    52
       Spider Form       |       |     3 |     1 |       ||     4
       Sticks to Snakes  |       |       |     4 |       ||     4
       Ice Form          |       |       |     3 |    14 ||    17
       Blade Hands       |       |       |       |    23 ||    23
Invok: Heroism           |       |       |       |     2 ||     2
 Abil: Breathe Fire      |       |       |    40 |    13 ||    53
Evoke: Wand              |       |       |     2 |     5 ||     7
  Use: Scroll            |       |     3 |    10 |    11 ||    24
       Potion            |       |     1 |     5 |     7 ||    13
 Stab: Sleeping          |       |     1 |       |     1 ||     2
       Invisible         |       |       |       |     2 ||     2
  Eat: Chunk             |     5 |     7 |    22 |    32 ||    66
       Fruit             |       |     2 |       |     4 ||     6
       Bread ration      |       |       |     1 |       ||     1
